 Dungeon Crawl Stone Soup version 0.25.1-9-gc5326a611f (webtiles) character file.

Game seed: 17830631864197806374

59 DumpfeFlamme the Skirmisher (level 4, 3/40 HPs)
             Began as a Ghoul Fighter on Aug 7, 2021.
             Quit the game on level 2 of the Dungeon.
             The game lasted 00:04:14 (997 turns).

DumpfeFlamme the Skirmisher (Ghoul Fighter)          Turns: 997, Time: 00:04:14

Health: 3/40       AC:  6    Str: 19    XL:     4   Next: 3%
Magic:  3/3        EV:  7    Int:  3    God:
Gold:   58         SH:  8    Dex:  9    Spells: 3/3 levels left

rFire    + . .     SeeInvis .   a - +0 flail
rCold    + + .     Gourm    .   c - +0 kite shield
rNeg     + + +     Faith    .   b - +0 scale mail
rPois    ∞         Spirit   .   (no helmet)
rElec    .         Reflect  .   k - scarf {rC+ rF+}
rCorr    .         Harm     .   (no gloves)
MR       .....                  (no boots)
Stlth    ..........             (no amulet)
HPRegen  0.00/turn              (no ring)
MPRegen  0.08/turn              (no ring)

@: rotting
A: rotting body, claws 1, carnivore, cold resistance 1, negative energy
resistance 3, inhibited regeneration, torment resistance, unbreathing
a: no special abilities


You were on level 2 of the Dungeon.
You were not hungry.

You visited 1 branch of the dungeon, and saw 2 of its levels.

You collected 58 gold pieces.

Inventory:

Hand Weapons
 a - a +0 flail (weapon)
Missiles
 g - a throwing net (quivered)
Armour
 b - a +0 scale mail (worn)
 c - a +0 kite shield (worn)
 k - a scarf of resistance (worn)
Scrolls
 e - a scroll of identify {unknown}
 h - a scroll of remove curse {unknown}
 j - a scroll of enchant armour {unknown}
Potions
 d - a potion of might
Comestibles
 f - a ration
 i - 2 chunks of flesh


   Skills:
 + Level 3.7 Fighting
 * Level 2.7 Maces & Flails
 + Level 3.0 Armour
 + Level 3.1 Shields


You had 3 spell levels left.
You didn't know any spells.
Your spell library was empty.

Dungeon Overview and Level Annotations

Branches:
Dungeon (2/15)

Altars:
Ashenzari

Annotations:
D:2 Sigmund


Innate Abilities, Weirdness & Mutations

Your body is rotting away.
You thrive on raw meat.
You are immune to poison.
You have sharp fingernails.
You are carnivorous and can eat meat at any time.
Your flesh is cold resistant. (rC+)
You are immune to negative energy. (rN+++)
You do not regenerate when monsters are visible.
You are immune to unholy pain and torment.
You can survive without breathing.


Message History

Sigmund is severely wounded.
The hobgoblin hits you but does no damage.
Sigmund laughs darkly.
You block Sigmund's attack.
You closely miss Sigmund.
Sigmund is severely wounded.
You block the adder's attack.
The hobgoblin hits you but does no damage.
You block the adder's attack. Sigmund barely misses you.
Your shield prevents you from hitting Sigmund.
Sigmund is severely wounded.
You block the hobgoblin's attack. You block the adder's attack.
The hobgoblin hits you but does no damage.
Sigmund hits you but does no damage. The adder bites you.
* * * LOW HITPOINT WARNING * * *
You closely miss Sigmund.
Sigmund is severely wounded.
The adder bites you but does no damage.
The hobgoblin hits you but does no damage.
Are you sure you want to abandon this character and quit the game? (Confirm with "yes".)

##..# .###..
##.##.#....
###.#....#
#......#####
.....##..##...###
#.####...##......
### #.#.........
.....###.###S......
#........@gl##.
.......#.###@......
##.......# ..##...
.......... ..# .
..........# ...
.........## .#.#
.......... ....
.......### .#.#.


You could see Sigmund, an adder, a hobgoblin and a frilled lizard.

Vanquished Creatures
  An adder (D:2)
  An ooze (D:2)
  A worm (D:2)
  3 dart slugs (D:1)
  5 bats
  A giant cockroach (D:1)
  8 goblins (D:1)
  4 hobgoblins (D:1)
  2 ball pythons (D:1)
  3 frilled lizards
  6 kobolds
  4 rats
39 creatures vanquished.

Notes
Turn   | Place    | Note
-------+----------+-------------------------------------------
     0 | D:1      | DumpfeFlamme the Ghoul Fighter began the quest for the Orb.
     0 | D:1      | Reached XP level 1. HP: 19/19 MP: 0/0
    55 | D:1      | Reached XP level 2. HP: 21/26 MP: 1/1
   461 | D:1      | Reached XP level 3. HP: 31/31 MP: 2/2
   856 | D:2      | Found a shattered altar of Ashenzari.
   943 | D:2      | Reached XP level 4. HP: 22/40 MP: 3/3
   978 | D:2      | Noticed Sigmund
   997 | D:2      | Quit the game

Illustrated notes

Levels and vault maps discovered:
D:1:      minmay_arrival_open_corners, layout_loops_ring,
          minmay_misc_feat_four_crosses, minmay_pentomino_w2
D:2:      layout_rooms, gammafunk_temple_overflow_statue,
          nicolae_overflow_crystal_walls, uniq_natasha, uniq_sigmund, uniq_robin

Skill      XL: |  1  2  3 |
---------------+----------+-----
Maces & Flails | 2 |  2.7
Shields        | 3 |  3.1
Armour         | 3 |  3.0
Fighting       | |  3.7

Action                   |  1- 3 |  4- 6 || total
-------------------------+-------+-------++-------
Melee: Flail             |   140 |    29 ||   169
  Eat: Chunk             |    13 |     2 ||    15
Armor: Scale mail        |    59 |    22 ||    81
Dodge: Dodged            |    37 |    16 ||    53
Block: Kite shield       |    67 |    24 ||    91
